 Dungeon Crawl Stone Soup version 0.27.1-1-g398f81649c (webtiles) character file.

Game seed: 6110345888367818876

68 T3K the Stinger (level 4, -2/21 HPs)
             Began as a Spriggan Venom Mage on Sept 9, 2021.
             Was a Believer of Elyvilon.
             Killed by divine providence
             ... invoked by an orc priest
              (14 damage)
             ... on level 3 of the Dungeon.
             The game lasted 00:14:29 (2782 turns).

T3K the Stinger (Spriggan Venom Mage)               Turns: 2782, Time: 00:14:30

Health: -2/21      AC:  3    Str:  4    XL:     4   Next: 1%
Magic:  0/10       EV: 17    Int: 16    God:    Elyvilon [**....]
Gold:   45         SH:  0    Dex: 16    Spells: 6/10 levels left

rFire    + . .     SeeInvis +   b - staff of fire
rCold    . . .     Faith    +   (shield currently unavailable)
rNeg     . . .     Spirit   .   a - +1 robe
rPois    .         Reflect  .   (helmet restricted)
rElec    .         Harm     .   (no cloak)
rCorr    .         Rampage  .   (gloves unavailable)
Will     .....                  (boots unavailable)
Stlth    ++........             e - amulet of faith
HPRegen  0.07/turn              (no ring)
MPRegen  0.12/turn              (no ring)

@: very quick
A: very small, no large weapons, unfitting armour, see invisible, speed 3
a: Renounce Religion, Lesser Healing, Heal Other, Divine Protection


You were on level 3 of the Dungeon.
You worshipped Elyvilon.
Elyvilon was pleased with you.
You visited 1 branch of the dungeon, and saw 3 of its levels.

You collected 45 gold pieces.

Inventory:

Missiles
 c - a throwing net
Armour
 a - a +1 robe (worn)
 d - a +0 buckler
Magical Staves
 b - a staff of fire (weapon)
Jewellery
 e - an amulet of faith (around neck)
Scrolls
 g - a scroll of identify
Potions
 f - a potion of flight


   Skills:
 + Level 0.2 Staves
 + Level 3.0 Dodging
 + Level 3.2 Stealth
 + Level 3.5 Spellcasting
 + Level 2.1 Transmutations
 + Level 0.4 Fire Magic
 + Level 3.8 Poison Magic


You had 6 spell levels left.
You knew the following spells:

 Your Spells              Type           Power      Damage    Failure   Level
a - Sting                 Tmut/Pois      48%        1d5       5%          1
b - Poisonous Vapours     Pois/Air       16%        N/A       12%         2
c - Foxfire               Conj/Fire      20%        2x1d5     16%         1

Your spell library contained the following spells:

 Spells                   Type           Power      Damage    Failure   Level
 Corpse Rot               Necr/Air       N/A        N/A       26%         2
 Mephitic Cloud           Conj/Pois/Air  7%         N/A       30%         3
 Olgreb's Toxic Radiance  Pois           15%        N/A       36%         4
 Conjure Flame            Conj/Fire      5%         6-21      43%         3
 Inner Flame              Hex/Fire       5%         N/A       43%         3
 Freezing Cloud           Conj/Ice/Air   1%         6-21      99%         5
 Malign Gateway           Summ/Tloc      1%         N/A       100%        7
 Summon Horrible Things   Summ           1%         N/A       100%        8


Dungeon Overview and Level Annotations

Branches:
Dungeon (3/15)

Altars:
Elyvilon

Shops:
D:2 :


Innate Abilities, Weirdness & Mutations

You are very small and have problems with some larger weapons.
You are too small for most types of armour.
You have supernaturally acute eyesight. (SInv)
You cover ground extremely quickly. (Speed+++)


Message History

You are very lightly contaminated with residual magic.
Nothing appears to happen.
The foxfire hits the orc.
The orc is heavily wounded.
The foxfire hits the orc.
The orc is severely wounded.
You barely miss the orc.
The orc is severely wounded.
The orc barely misses you.
The orc priest mumbles some strange prayers to Beogh against you.
Beogh smites you!
You feel a surge of power!
You miscast Foxfire.
Nothing appears to happen.
Press: ? - help, Dir - move target, f/p - orc Heal: an orc, wielding a +0 hand axe (severely wounded, chance to pacify: 6%)
The light of Elyvilon fails to reach the orc.
The orc barely misses you.
Non-targeted abil: Divine Protection
Press: ? - help, Q - select action, (/) - cycle Dir - look around, f - activate
Okay, then.
Throw: 2 throwing nets
Press: ? - help, Q - select action, (/) - cycle Shift-Dir - straight line, f/p - orc
Aim: an orc, wielding a +0 hand axe (severely wounded, 59% to hit)
You throw a throwing net. The throwing net hits the orc.
The orc is caught in the net!
The orc is severely wounded.
The orc struggles against the net.
The orc struggles against the net. x2
The orc struggles against the net.
The orc struggles against the net.
The orc struggles against the net.
The net rips apart, and the orc comes free!
Aiming: Poisonous Vapours (safe; 12% risk of failure)
Press: ? - help, Q - select action, (/) - cycle Dir - move target, f/p - orc
Aim: an orc, wielding a +0 hand axe (heavily wounded) Poisonous vapours surround the orc!
The orc is poisoned.
Your magical contamination has completely faded away.
You kill the orc!
The orc priest mumbles some strange prayers to Beogh against you.
Beogh smites you!
Ouch! That really hurt!
You die...

..#
#...............)o..
.##
##.....###.#o#......
..###..>.......#.#
####.
#..#......######.#
##...##.### #o#
...#####.# #.#
###.###.## #.#
##.#..########.#
##.#.........@#
###########.......#
#.#####.# #. #. #.
#. #.


You could see an orc priest and an orc.

Vanquished Creatures
  An adder (D:2)
  A dart slug (D:2)
  2 orcs (D:3)
  7 endoplasms
  A giant cockroach (D:1)
  7 hobgoblins
  5 kobolds
  2 quokkas
  8 ball pythons
  6 bats
  5 frilled lizards
  4 goblins
  4 rats
53 creatures vanquished.

Vanquished Creatures (others)
  52 foxfires
52 creatures vanquished.

Grand Total: 105 creatures vanquished

Notes
Turn   | Place    | Note
-------+----------+-------------------------------------------
     0 | D:1      | T3K the Spriggan Venom Mage began the quest for the Orb.
     0 | D:1      | Reached XP level 1. HP: 9/9 MP: 5/5
   178 | D:1      | Reached XP level 2. HP: 13/13 MP: 1/7
   268 | D:1      | Found a faded altar of an unknown god.
   293 | D:1      | Became a worshipper of Elyvilon the Healer
   293 | D:1      | Reached * piety under Elyvilon
  1304 | D:2      | Reached XP level 3. HP: 16/16 MP: 3/8
  1377 | D:2      | Learned a level 2 spell: Poisonous Vapours
  1559 | D:2      | Learned a level 1 spell: Foxfire
  1575 | D:2      | Reached ** piety under Elyvilon
  2104 | D:2      | Found Kokycha's Book Boutique.
  2762 | D:3      | Reached XP level 4. HP: 21/21 MP: 5/10
  2782 | D:3      | Killed from afar by an orc priest

Illustrated notes

Levels and vault maps discovered:
D:1:      dpeg_arrival_boxorama, layout_rooms, hellmonk_ecumenical_altar_run_dry
D:2:      layout_basic, serial_shops, nicolae_shop_behind_doors,
          minmay_tromino_v2
D:3:      layout_loops_cross, minmay_fractal_squares_gapless_5

Skill      XL: |  1  2  3 |
---------------+----------+-----
Spellcasting   | 3 |  3.5
Dodging        | 3 |  3.0
Transmutations | 2 |  2.1
Staves         | |  0.2
Stealth        | |  3.2
Fire Magic     | |  0.4
Poison Magic   | |  3.8

Action                   |  1- 3 |  4- 6 || total
-------------------------+-------+-------++-------
Melee: Staff             |    36 |     1 ||    37
       Unarmed           |     1 |       ||     1
Throw: Throwing net      |     1 |     1 ||     2
 Cast: Sting             |    58 |       ||    58
       Foxfire           |    28 |     1 ||    29
       Poisonous Vapours |     3 |     1 ||     4
Invok: Lesser Healing    |     1 |       ||     1
       Heal Other        |       |     1 ||     1
  Use: Scroll            |     4 |       ||     4
       Potion            |     2 |       ||     2
Armor: Robe              |     5 |       ||     5
Dodge: Dodged            |    56 |     2 ||    58
